 Dungeon Crawl Stone Soup version 0.29-a0-542-g075992c915 (webtiles) character file.

Game seed: 8123872071410867475

170 spaghetti the Skirmisher (level 5, -6/59 HPs)
             Began as an Ogre Berserker on June 5, 2022.
             Was a Follower of Trog.
             Mangled by Sigmund
             ... wielding a +0 scythe of flaming
              (13 damage)
             ... on level 3 of the Dungeon.
             The game lasted 00:03:20 (2804 turns).

spaghetti the Skirmisher (Ogre Berserker)           Turns: 2804, Time: 00:03:21

Health: -6/59      AC:  3    Str: 23    XL:     5   Next: 51%
Magic:  5/5        EV: 10    Int:  8    God:    Trog [*.....]
Gold:   118        SH:  0    Dex:  8    Spells: 4/4 levels left

rFire   . . .      SeeInvis .   a - +0 mace {mace}
rCold   . . .      Faith    .   (no shield)
rNeg    . . .      Spirit   .   b - +0 animal skin
rPois   +          Reflect  .   (helmet restricted)
rElec   +          Harm     .   (no cloak)
rCorr   .          Rampage  .   (gloves unavailable)
Will    .....                   (boots unavailable)
Stlth   +.........              (no amulet)
HPRegen 0.19/turn               (no ring)
MPRegen 0.09/turn               (no ring)

@: on berserk cooldown, slowed, very slow
A: large, unfitting armour, tough skin 1, poison resistance, electricity
resistance
a: Renounce Religion, Berserk


You were on level 3 of the Dungeon.
You worshipped Trog.
Trog was aware of your devotion.
You visited 1 branch of the dungeon, and saw 3 of its levels.

You collected 118 gold pieces.


Innate Abilities, Weirdness & Mutations

You are too large for most types of armour.
You have tough skin. (AC +1)
Your system is resistant to poisons. (rPois)
You are resistant to electric shocks. (rElec)


   Skills:
 + Level 6.2 Fighting
 + Level 4.3 Maces & Flails
 - Level 2.6 Dodging


You had 4 spell levels left.
You didn't know any spells.
Your spell library was empty.

Inventory:

Hand Weapons
 a - a +0 mace (weapon) {mace}
Missiles
 d - 45 stones (quivered) {throwing}
 h - 4 poisoned darts {throwing}
Armour
 b - a +0 animal skin (worn)
Magical Staves
 f - a staff of cold {forbidden!astaff}
   (You found it on level 2 of the Dungeon)
Wands
 i - a wand of acid (13)
   (You found it on level 3 of the Dungeon)
 m - a wand of polymorph (11)
   (You took it off a goblin on level 3 of the Dungeon)
Scrolls
 c - 3 scrolls of identify {@r1}
 l - a scroll of summoning {unknown}
Potions
 g - a potion of brilliance {unknown}
 j - a potion of mutation {!q}
 k - a potion of ambrosia {unknown}

Dungeon Overview and Level Annotations

Branches:
Dungeon (3/15)

Altars:
The Shining One

Shops:
D:3 [

Annotations:
D:3 Sigmund

#######...# #...# #...#
##..# ..>.###...# #....#
....##....### ##.....#
..###.......# #......#
###.......#.# #......#
#.........#.# #......#
.......##...####{.....#
.......####....#@K....###
...##...........)........
..............##.........
..............##.........
.###....................>
.# #..........##.........
.###..........##.).......
..............###.†......
...............##..)....#


You could see a kobold.


Message History

A goblin is nearby!
A goblin is nearby!
A goblin is nearby! 😎 HP[+5]
Your hp is fully restored (59).
The goblin shouts!
Sigmund the Dreaded comes into view.
He is wielding a +0 scythe of flaming.
You hit the goblin.
A kobold comes into view. It is wielding a +0 dagger.
Sigmund gestures wildly while chanting.
Sigmund flickers and vanishes!
Deactivating autopickup; reactivate with Ctrl-A.
The goblin hits you but does no damage.
You closely miss the goblin. Something hits you. Something burns you.
The goblin hits you with a +0 club. 😕 HP[-8]
You take 8 damage, and now have 51/59 hp.
You are too injured to fight recklessly!
You are too injured to fight recklessly!
You are too injured to fight recklessly!
You are too injured to fight recklessly!
You are too injured to fight recklessly!
You are too injured to fight recklessly!
You are too injured to fight recklessly!
You are too injured to fight recklessly!
You are too injured to fight recklessly!
You are too injured to fight recklessly!
You are too injured to fight recklessly!
You are too injured to fight recklessly!
You are too injured to fight recklessly!
Unknown command.
A red film seems to cover your vision as you go berserk!
You feel yourself moving faster!
You feel mighty!
You can no longer call upon Trog for regeneration and willpower.
The goblin zaps a wand.
The mass of ice explodes!
The iceblast engulfs you!
The iceblast engulfs the goblin!
The goblin dies!
Unknown command. 😮 HP[+10]
You now have 88 max hp (+29).
You regained 10 hp, and now have 61/88 hp.
Unknown command.
You feel a strong urge to attack something.
Something hits you. Something burns you. 😮 HP[-3]
You take 3 damage, and now have 58/88 hp.
You barely miss something. You miss something. Something hits you.
Something burns you. 😮 HP[-3]
You take 3 damage, and now have 55/88 hp.
You barely miss something. You sock something! Something hits you.
Something burns you.
The kobold hits you with a +0 dagger. 😮 HP[-6]
You take 6 damage, and now have 49/88 hp.
You closely miss something. You closely miss something.
You hear some strange, mumbled words.
A magic dart appears from out of thin air!
The magic dart hits you. The kobold hits you with a +0 dagger.
* * * LOW HITPOINT WARNING * * *
😨 HP[-6]
You take 6 damage, and now have 43/88 hp.
You completely miss something.
You hear some strange, mumbled words.
A magic dart appears from out of thin air!
The magic dart hits you!
* * * LOW HITPOINT WARNING * * *
The kobold closely misses you. 😨 HP[-6]
You take 6 damage, and now have 37/88 hp.
You barely miss something. Something hits you!
* * * LOW HITPOINT WARNING * * *
Something burns you.
* * * LOW HITPOINT WARNING * * *
The kobold barely misses you. 😨 HP[-13]
You take 13 damage, and now have 24/88 hp.
You barely miss something. The kobold closely misses you.
You thump something! Something hits you!
* * * LOW HITPOINT WARNING * * *
Something burns you.
* * * LOW HITPOINT WARNING * * *
😱 HP[-11]
You take 11 damage, and now have 13/88 hp.
You sock something!
You are no longer berserk.
You are exhausted.
You feel yourself slow down. The kobold hits you with a +0 dagger.
* * * LOW HITPOINT WARNING * * *
😱 HP[-6]
You now have 59 max hp (-29).
Unknown command.
Unknown command.
As you read the scroll labelled TIMUMI JOREN, it crumbles to dust.
It is a scroll of amnesia.
You feel forgetful for a moment. Something hits you!
You die...

Skill      XL: |  1  2  3  4 |
---------------+-------------+-----
Maces & Flails | 3 4 |  4.3
Fighting       | 5 6 |  6.2
Dodging        | |  2.6

Action                   |  1- 3 |  4- 6 || total
-------------------------+-------+-------++-------
Melee: Mace              |    67 |   107 ||   174
Throw: Stone             |       |    41 ||    41
Invok: Berserk           |     3 |     3 ||     6
  Use: Scroll            |       |     3 ||     3
       Potion            |       |     3 ||     3
Armor: Animal skin       |    18 |    28 ||    46
       Skin              |       |     3 ||     3
Dodge: Dodged            |    42 |    62 ||   104

Levels and vault maps discovered:
D:1:      dpeg_arrival_rhombus, layout_basic
D:2:      layout_rooms, grunt_ministairs_14, uniq_terence
D:3:      layout_rooms, nicolae_tso_swordbearing_angel, serial_shops, shop,
          grunt_ministairs_12, minmay_misc_feat_cross, hex_tiny, minivault_27,
          uniq_sigmund, uniq_robin, uniq_jessica

Notes
Turn   | Place    | Note
-------+----------+-------------------------------------------
     0 | D:1      | spaghetti the Ogre Berserker began the quest for the Orb.
     0 | D:1      | Reached XP level 1. HP: 24/24 MP: 1/1
     0 | D:1      | magus.rc [v1.9.6]
   239 | D:1      | Reached skill level 3 in Maces & Flails
   239 | D:1      | Reached XP level 2. HP: 32/33 MP: 2/2
   836 | D:2      | Noticed Terence
   845 | D:2      | Killed Terence
   846 | D:2      | Reached skill level 5 in Fighting
   846 | D:2      | Reached XP level 3. HP: 42/42 MP: 3/3
  1027 | D:2      | Reached XP level 4. HP: 25/50 MP: 4/4
  1881 | D:2      | Reached skill level 4 in Maces & Flails
  2119 | D:3      | Noticed Jessica
  2122 | D:3      | Noticed Robin
  2130 | D:3      | Killed Jessica
  2131 | D:3      | Reached skill level 6 in Fighting
  2131 | D:3      | Reached XP level 5. HP: 59/59 MP: 5/5
  2134 | D:3      | Killed Robin
  2143 | D:3      | Gained mutation: You are strong-willed. (Will+) [potion of
                  | mutation]
  2145 | D:3      | HP: 14/59 [hobgoblin[Robin] (3)]
  2147 | D:3      | HP: 5/59 [hobgoblin[Robin] (2)]
  2148 | D:3      | Found Jackuir's Armour Shop.
  2153 | D:3      | HP: 6/59 [frilled lizard (1)]
  2155 | D:3      | HP: 1/59 [frilled lizard (3)]
  2520 | D:3      | Found a glowing golden altar of the Shining One.
  2617 | D:3      | Lost mutation: You are strong-willed. (Will+) [potion of
                  | mutation]
  2617 | D:3      | Gained mutation: You are resistant to electric shocks.
                  | (rElec) [potion of mutation]
  2617 | D:3      | Gained mutation: Your system is resistant to poisons.
                  | (rPois) [potion of mutation]
  2698 | D:3      | Reached ** piety under Trog
  2788 | D:3      | Noticed Sigmund
  2802 | D:3      | HP: 15/88 [something (9)]
  2803 | D:3      | HP: 7/59 [kobold/+0 dagger (2)]
  2804 | D:3      | Mangled by Sigmund

Vanquished Creatures
  Jessica (D:3)
  Terence (D:2)
  Robin (D:3)
  3 gnolls (D:2)
  An adder (D:2)
  4 worms (D:2)
  A dart slug (D:1)
  6 ball pythons
  A bat (D:3)
  2 endoplasms
  4 giant cockroaches
  8 goblins
  7 hobgoblins
  4 kobolds
  4 quokkas
  4 frilled lizards
  4 rats
56 creatures vanquished.

Vanquished Creatures (others)
  A goblin (D:3)
1 creature vanquished.

Grand Total: 57 creatures vanquished

Table legend:
 A = Non-vault XP
 B = Vault XP
 C = Vault XP percentage of total XP
 D = Non-vault monster count
 E = Vault monster count
 F = Vault count percentage of total count
                 A         B        C        D         E       F
            +---------+---------+-------+---------+---------+-------
      Total |     134 |     110 |  45.1 |      40 |      17 |  29.8
            +---------+---------+-------+---------+---------+-------
        D:1 |      21 |       0 |   0.0 |      10 |       0 |   0.0
        D:2 |      99 |      35 |  26.1 |      22 |       3 |  12.0
        D:3 |      14 |      75 |  84.3 |       8 |      14 |  63.6
            +---------+---------+-------+---------+---------+-------

Illustrated notes

Table legend:
 A = Kills in this place as a percentage of kills in entire the game.
 B = Kills by you in this place as a percentage of kills by you in the entire game.
 C = Kills by friends in this place as a percentage of kills by friends in the entire game.
 D = Other kills in this place as a percentage of other kills in the entire game.
 E = Experience gained in this place as a percentage of experience gained in the entire game.
 F = Experience gained in this place divided by the number of levels of this place that you have seen.
                   A       B       C       D       E      F
               +-------+-------+-------+-------+-------+----------------------
         Total | 100.0 | 100.0 |   N/A | 100.0 | 100.0 |  81.3
       Dungeon | 100.0 | 100.0 |   N/A | 100.0 | 100.0 |  81.3
               +-------+-------+-------+-------+-------+----------------------

Table legend: (Time is in decaauts)
 A = Elapsed time spent in this place.
 B = Non-inter-level travel time spent in this place.
 C = Inter-level travel time spent in this place.
 D = Time resting spent in this place.
 E = Time spent auto-exploring this place.
 F = Levels seen in this place.
 G = Mean time per level.
                   A        B        C        D        E       F      G
               +--------+--------+--------+--------+--------+-----+--------+
         Total |   2877 |   2845 |     32 |    123 |   2302 |   3 |  959.0 |
       Dungeon |   2877 |   2845 |     32 |    123 |   2302 |   3 |  959.0 |
               +--------+--------+--------+--------+--------+-----+--------+

Top non-repeatable levels by time:
     D:2: 1314 daAuts
     D:1: 844 daAuts
     D:3: 718 daAuts
